 Dungeon Crawl Stone Soup version 0.28.0 (webtiles) character file.

Game seed: 16695729651244843072

19 tizbic2 the Skirmisher (level 2, -1/25 HPs)
             Began as a Palentonga Fighter on Feb 7, 2022.
             Slain by a gnoll (10 damage)
             ... on level 2 of the Dungeon.
             The game lasted 00:04:57 (1136 turns).

tizbic2 the Skirmisher (Palentonga Fighter)         Turns: 1136, Time: 00:04:57

Health: -1/25      AC:  6    Str: 19    XL:     2   Next: 55%
Magic:  2/2        EV:  7    Int:  8    God:
Gold:   17         SH:  4    Dex:  9    Spells: 1/1 levels left

rFire   . . .      SeeInvis +   a - +0 war axe
rCold   . . .      Faith    .   c - +0 buckler
rNeg    . . .      Spirit   .   b - +0 scale mail
rPois   .          Reflect  .   (no helmet)
rElec   .          Harm     .   (no cloak)
rCorr   .          Rampage  .   (no gloves)
Will    +....                   (no barding)
Stlth   ..........              (no amulet)
HPRegen 0.08/turn               g - ring of willpower
MPRegen 0.08/turn               (no ring)

@: no status effects
A: large, rugged brown scales 3, see invisible, deformed body, roll 1, armoured
tail
a: Rolling Charge


You were on level 2 of the Dungeon.
You visited 1 branch of the dungeon, and saw 2 of its levels.

You collected 17 gold pieces.

Inventory:

Hand Weapons
 a - a +0 war axe (weapon)
Missiles
 j - 18 stones
Armour
 b - a +0 scale mail (worn)
 c - a +0 buckler (worn)
Jewellery
 g - a ring of willpower (left hand)
Scrolls
 f - a scroll of immolation {unknown}
 h - a scroll of fear {unknown}
 i - a scroll of identify {unknown}
Potions
 d - 2 potions of might
 e - a potion of brilliance {unknown}
 k - a potion of magic {unknown}


   Skills:
 + Level 3.2 Fighting
 + Level 2.2 Axes
 * Level 2.7 Armour
 + Level 2.6 Shields


You had one spell level left.
You didn't know any spells.
Your spell library was empty.

Dungeon Overview and Level Annotations

Branches:
Dungeon (2/15)

Altars:


Innate Abilities, Weirdness & Mutations

You are completely covered in rugged brown scales. (AC +3, +7% HP)
You have supernaturally acute eyesight. (SInv)
Armour fits poorly on your strangely shaped body.
You can roll at nearby foes to attack.
You have a long armoured tail.


Message History

There is a stone staircase leading down here.
You climb downwards.
There is a stone staircase leading up here.
Found 14 gold pieces.
A worm comes into view.
Found 10 gold pieces.
There's nothing you can charge at! There's nothing you can charge at!
Roll where?
Press: ? - help, Dir - move target, f - worm
Aim: a worm You roll forward with a clatter of scales! 3 gnolls come into view.
Found a stone staircase leading up.
You barely miss the worm.
The gnoll shouts! x2; You hear a shout!
A rat comes into view. 2 jackals come into view.
The jackal barks! x2
The worm misses you.
Roll where?
Press: ? - help, Dir - move target, f - gnoll, p - worm
Aim: a gnoll, wielding a +0 spear You roll forward with a clatter of scales!
A goblin, a kobold, a bat and a jackal come into view.
The goblin shouts!
The kobold shouts!
You hit the gnoll.
The gnoll is lightly wounded.
You barely miss the gnoll. You hit the gnoll but do no damage.
The gnoll hits you with a +0 halberd! The gnoll hits you with a +0 spear.
The gnoll closely misses you. The gnoll hits you with a +0 halberd.
The rat bites you but does no damage.
Roll where?
Press: ? - help, Dir - move target, f - worm, p - gnoll
Aim: a worm You roll forward with a clatter of scales!
You slash the worm! You tail-slap the worm!
The worm is almost dead.
The gnoll barely misses you.
The gnoll hits you from afar with a +0 halberd!
You die...

#. ## . #. ....
###. .#.#
...##.#.#
.####.g.....##
.............##.
....h.g#g<......
....Kh.○b....#
.####.rg@w...#
.....h..°...#
#####....°..####
####.....°.#######
#..####...<...#
#..# #.#####.#
#... #.# ##.#. ...
#.# ##$#


You could see a worm, 3 gnolls, 3 jackals, a bat, a kobold and a rat.

Vanquished Creatures
  3 endoplasms (D:1)
  A hobgoblin (D:1)
  4 jackals (D:1)
  A quokka (D:1)
  A ball python (D:1)
  3 bats (D:1)
  2 frilled lizards (D:1)
  3 rats (D:1)
18 creatures vanquished.

Notes
Turn   | Place    | Note
-------+----------+-------------------------------------------
     0 | D:1      | tizbic2 the Palentonga Fighter began the quest for the Orb.
     0 | D:1      | Reached XP level 1. HP: 19/19 MP: 1/1
   505 | D:1      | Reached XP level 2. HP: 22/25 MP: 2/2
  1136 | D:2      | Slain by a gnoll

Illustrated notes

Levels and vault maps discovered:
D:1:      elethiomel_arrival_shortcut, layout_basic, minmay_nonomino_d4
D:2:      layout_loops_cross, chequers_serial_rivers_micro_d

Action                   || total
-------------------------++-------
Melee: War axe           ||    42
       Tailslap          ||     2
 Abil: Rolling Charge    ||    17
Armor: Scale mail        ||    29
Dodge: Dodged            ||    23
Block: Buckler           ||     7
